AoeStats
← ACES || Raeze

Black Forest

509338582Analyzed
3v3 RM · 7d ago on Sep 26, 2026· 79m 13s· 6 players
Game mode
Random Map
Map size
Normal (6 player)
Population
200
Speed
Normal
Resources
Standard
Victory
Conquest
Starting age
Dark Age
Ending age
Imperial Age
RankedLock teamsTeams togetherTeam positionsShared explorationLock speedFull tech treeHidden civsTurbo modeCheats
Victory
Defeat
🇮🇳 Khmer · India
713
+10
🇮🇳 Bengalis · India
644
+12
🇪🇸 Maya · Spain
584
+16
🇧🇷 Poles · Brazil
608
-14
🇩🇰 Britons · Denmark
549
-12
🇪🇸 Spanish · Spain
545
-12
fight for your rights
0:31 Loom
13:37 Feudal Age
14:30 Double-Bit Axe
18:55 Gold Mining
23:15 Wheelbarrow
22:27 Town Watch
23:06 Stone Mining
27:55 Castle Age
26:45 Padded Archer Armor
26:36 Fletching
27:58 Horse Collar
30:40 Bow Saw
31:03 Caravan
32:25 Hand Cart
33:52 Leather Archer Armor
34:32 Gold Shaft Mining
34:57 Town Patrol
36:08 Heavy Plow
39:05 Fortified Wall
42:20 Imperial Age
42:22 Bodkin Arrow
42:22 Elite Skirmisher
45:23 Chemistry
44:44 Ballistics
44:15 Guard Tower
46:25 Ring Archer Armor
45:59 Bracer
47:14 Siphons
46:56 Arrowslits
47:03 Heated Shot
46:55 Treadmill Crane
47:10 Murder Holes
47:27 Masonry
47:46 Crossbowman
47:51 Cranequins
49:36 Two-Man Saw
49:01 Elite Longbowman
50:05 Yeomen
51:03 Keep
50:48 Masonry
51:59 Warwolf
alfli_sf
0:28 Loom
17:23 Feudal Age
18:16 Double-Bit Axe
18:16 Horse Collar
26:57 Castle Age
24:43 Town Watch
28:35 Heavy Plow
28:48 Bow Saw
37:26 Imperial Age
35:37 Wheelbarrow
37:11 Caravan
38:11 Scale Barding Armor
38:17 Forging
39:29 Two-Man Saw
38:32 Stone Mining
38:35 Gold Mining
39:18 Hand Cart
39:56 Husbandry
39:17 Cavalier
40:59 Chain Barding Armor
41:15 Iron Casting
43:08 Paladin
45:41 Guilds
47:47 Plate Barding Armor
48:13 Blast Furnace
47:14 Scale Mail Armor
47:15 Padded Archer Armor
47:06 Fletching
47:40 Ballistics
47:11 Guard Tower
48:43 Conscription
48:17 Elite Skirmisher
52:20 Squires
51:40 Pikeman
54:23 Chemistry
53:09 Arrowslits
53:21 Murder Holes
53:37 Masonry
61:09 Chain Mail Armor
64:46 Plate Mail Armor
Spartanloko
14:30 Feudal Age
16:51 Double-Bit Axe
17:09 Horse Collar
19:07 Stone Mining
19:08 Gold Mining
21:47 Wheelbarrow
20:59 Town Watch
21:08 Fletching
21:19 Padded Archer Armor
21:30 Forging
21:21 Scale Mail Armor
23:13 Scale Mail Armor
23:19 Scale Barding Armor
28:11 Castle Age
26:49 Arson
26:25 Man-at-Arms
30:22 Iron Casting
30:03 Chain Mail Armor
30:09 Chain Barding Armor
30:05 Leather Archer Armor
29:46 Bodkin Arrow
29:55 Caravan
32:28 Town Patrol
33:03 Bow Saw
33:09 Heavy Plow
34:45 Ballistics
34:22 Murder Holes
34:38 Fortified Wall
35:26 Stone Shaft Mining
35:14 Hand Cart
36:01 Guard Tower
36:23 Masonry
35:54 Treadmill Crane
36:52 Squires
36:14 Long Swordsman
36:15 Pikeman
41:18 Imperial Age
39:11 Husbandry
39:22 Bloodlines
38:32 Light Cavalry
38:39 Light Cavalry
38:44 Elite Skirmisher
40:10 Loom
41:05 Szlachta Privileges
41:39 Thumb Ring
40:55 Crossbowman
42:59 Blast Furnace
42:55 Crop Rotation
42:21 Cavalier
44:35 Conscription
44:52 Plate Mail Armor
44:11 Arrowslits
45:58 Chemistry
57:22 Winged Hussar
61:41 Elite Obuch
62:57 Hoardings
65:47 Lechitic Legacy
ACES || Raeze
11:44 Feudal Age
14:14 Double-Bit Axe
16:23 Gold Mining
21:25 Castle Age
24:27 Wheelbarrow
25:49 Stone Mining
Assistant Boyfriend
0:35 Loom
14:03 Feudal Age
14:54 Double-Bit Axe
15:54 Horse Collar
16:10 Gold Mining
16:10 Stone Mining
17:31 Stone Mining
23:45 Castle Age
25:19 Bow Saw
26:23 Fervor
29:06 Imperial Age
27:23 Husbandry
27:33 Bloodlines
29:24 Gold Shaft Mining
29:24 Stone Shaft Mining
33:31 Chemistry
32:52 Ballistics
33:01 Heavy Plow
34:28 Wheelbarrow
35:27 Stone Shaft Mining
36:09 Caravan
36:40 Coinage
36:38 Fishing Lines
36:33 Elite Ballista Elephant
37:34 Double Crossbow
38:01 Conscription
38:30 Hand Cart
38:31 Town Watch
40:12 Crop Rotation
40:42 Banking
40:02 Cavalier
40:53 Bloodlines
40:04 Light Cavalry
41:29 Forging
41:26 Scale Barding Armor
41:22 Padded Archer Armor
41:12 Fletching
41:30 Town Patrol
41:40 Hussar
43:02 Siege Engineers
42:53 Murder Holes
43:16 Fortified Wall
44:06 Iron Casting
48:48 Blast Furnace
48:09 Chain Barding Armor
48:04 Leather Archer Armor
47:45 Bodkin Arrow
58:15 Plate Barding Armor
57:41 Bracer
58:11 Ring Archer Armor
57:47 Guard Tower
57:50 Heated Shot
58:11 Masonry
63:51 Arson
71:10 Scale Mail Armor
76:50 Spies/Treason
79:38 Tusk Swords
Arnau II
0:31 Loom
16:37 Feudal Age
17:03 Horse Collar
17:11 Double-Bit Axe
17:20 Gold Mining
18:02 Town Watch
18:28 Stone Mining
20:20 Padded Archer Armor
21:00 Wheelbarrow
20:52 Fletching
29:12 Castle Age
31:03 Thumb Ring
30:19 Crossbowman
31:16 Bow Saw
31:09 Heavy Plow
32:16 Hand Cart
31:38 Elite Skirmisher
32:50 Herbal Medicine
33:25 Leather Archer Armor
33:52 Bodkin Arrow
34:11 Treadmill Crane
34:52 Ballistics
34:44 Masonry
35:30 Hul'che Javelineers
36:58 Town Patrol
38:29 Stone Shaft Mining
39:14 Caravan
43:22 Imperial Age
43:24 Elite Plumed Archer
44:47 Ring Archer Armor
44:35 Fortified Wall
46:29 Two-Man Saw
45:50 Bracer
48:07 Chemistry
47:03 Murder Holes
47:29 Fervor
51:24 Hoardings
54:14 Guard Tower
55:15 Architecture
55:05 Arbalester
Connection lost

Rejoining the realm…

Still unreachable

The connection could not be restored.

Session expired

The server has moved on; the page needs a fresh start.